 Dungeon Crawl Stone Soup version 0.14-a0-1969-g2c76abe (webtiles) character file.

64 M4edhros the Charlatan (level 3, 0/23 HPs)
             Began as an Octopode Artificer on Jan 16, 2014.
             Slain by a black bear skeleton (4 damage)
             ... on Level 4 of the Dungeon.
             The game lasted 00:01:05 (1460 turns).

M4edhros the Charlatan (Octopode Artificer)         Turns: 1460, Time: 00:01:06

HP   0/23        AC  1     Str 10      XL: 3   Next: 64%
MP   5/5         EV 12     Int 15      God:
Gold 19          SH  0     Dex 12      Spells:  0 memorised,  2 levels left

rFire  . . .     SeeInvis .     a - +0 short sword
rCold  . . .     Clarity  .     (no shield)
rNeg   . . .     Conserve .     (helmet restricted)
rPois  .         rCorr    .     (no amulet)
rElec  .         rRot     .     (no ring)
SustAb . .       Spirit   .     (no ring)
rMut   .         Warding  .     (no ring)
Saprov . . .     Stasis   .     (no ring)
MR     .....                    (no ring)
                                (no ring)
                                (no ring)
                                (no ring)

@: not resistant to hostile enchantments, stealthy
A: almost no armour, amphibious, 8 rings, constrict 8, camouflage 1, gelatinous
body 1
a: no special abilities


You were on level 4 of the Dungeon.
You were hungry.

You visited 1 branch of the dungeon, and saw 4 of its levels.

You collected 19 gold pieces.

Inventory:

Hand weapons
 a - a +0,+0 short sword (weapon)
Magical devices
 b - a wand of flame (12)
 c - a wand of enslavement (15)
 d - a wand of random effects (15)
Comestibles
 f - a bread ration
 o - an apple
Scrolls
 h - a scroll of random uselessness {unknown}
 i - a scroll of enchant armour {unknown}
 j - a scroll of magic mapping {unknown}
 k - 2 scrolls of fog {unknown}
 l - 2 scrolls of identify {unknown}
 m - a scroll of remove curse {unknown}
 n - a scroll of amnesia {unknown}
Potions
 e - a potion of curing
 g - 2 potions of confusion
 p - a potion of cure mutation {unknown}


   Skills:
 - Level 1.0 Fighting
 - Level 1.0 Short Blades
 - Level 2.0 Dodging
 - Level 1.3 Stealth
 + Level 5.2 Evocations


You had 2 spell levels left.
You didn't know any spells.

Dungeon Overview and Level Annotations

Branches:
Dungeon (4/16)
 Temple: D:4-7

Altars:


Innate Abilities, Weirdness & Mutations

You cannot wear most types of armour.
You are amphibious.
You can wear up to eight rings at the same time.
You can use your tentacles to constrict many enemies at once.
Your skin changes colour to match your surroundings (Stlth).
Your rubbery body absorbs attacks (AC +1).


Message History

The black bear skeleton closely misses you.
The black bear skeleton claws you.
You hit the orc. You squeeze the orc.
You kill the orc!
The black bear skeleton barely misses you.
The black bear skeleton claws you.
You hit the black bear skeleton. You grab the black bear skeleton.
You squeeze the black bear skeleton, but do no damage.
You constrict the black bear skeleton.
The black bear skeleton closely misses you.
The black bear skeleton claws you.
The black bear skeleton barely misses you.
You hit the black bear skeleton. You constrict the black bear skeleton.
You hit the black bear skeleton but do no damage.
You constrict the black bear skeleton.
The black bear skeleton bites you but does no damage.
The black bear skeleton claws you.
* * * LOW HITPOINT WARNING * * *
The black bear skeleton claws you.
You die...

........................<......##
...............................##
#......................#..#....##
##.#%............##....#..#......
#.#.............##....#.........
###...................#.........
#.................<##...#.....
#.............z$...##...#.....
######.####..@)....##...#.....
#.# #........##...###### #)#
#........##...# #.#
...>......##...#
#.##..........##...#
#.##..........# ..#
...#...####### ...#.... ... ..#


You could see a black bear skeleton.

Vanquished Creatures
  2 adders (D:2)
  A worm (D:2)
  A giant gecko (D:1)
  An orc (D:4)
  2 goblins
  2 hobgoblins
  A jackal (D:4)
  A ball python (D:3)
  4 bats
  A giant cockroach (D:1)
  2 giant newts
  A kobold (D:2)
  4 rats
23 creatures vanquished.

Notes
Turn   | Place    | Note
--------------------------------------------------------------
     0 | D:1      | M4edhros, the Octopode Artificer, began the quest for the Orb.
     0 | D:1      | Reached XP level 1. HP: 13/13 MP: 1/1
   414 | D:1      | Reached skill level 4 in Evocations
   414 | D:1      | Reached XP level 2. HP: 16/18 MP: 3/3
   791 | D:2      | Reached XP level 3. HP: 15/23 MP: 5/5
  1083 | D:2      | Reached skill level 5 in Evocations
  1460 | D:4      | Slain by a black bear skeleton

Action                   || total
-------------------------++-------
Melee: Short sword       ||    58
Evoke: Wand              ||     3
  Use: Potion            ||     3
 Stab: Sleeping          ||     3
